 Dungeon Crawl Stone Soup version 0.29-a0-234-g0dae59b3db (webtiles) character file.

Game seed: 11535247081307801365

800 pokeman the Thaumaturge (level 7, -4/39 HPs)
             Began as a Deep Elf Hedge Wizard on Mar 2, 2022.
             Slain by an unseen horror (7 damage)
             ... on level 5 of the Dungeon.
             The game lasted 00:14:56 (6259 turns).

pokeman the Thaumaturge (Deep Elf Hedge Wizard)     Turns: 6259, Time: 00:14:57

Health: -4/39      AC:  4    Str:  7    XL:     7   Next: 59%
Magic:  7/20       EV: 12    Int: 21    God:
Gold:   228        SH:  0    Dex: 14    Spells: 11/22 levels left

rFire   . . .      SeeInvis .   j - +2 halberd (venom)
rCold   . . .      Faith    .   (shield currently unavailable)
rNeg    + . .      Spirit   .   l - +0 leather armour {rN+}
rPois   .          Reflect  .   n - +0 helmet
rElec   .          Harm     .   (no cloak)
rCorr   .          Rampage  .   (no gloves)
Will    .....                   (no boots)
Stlth   ++........              (no amulet)
HPRegen 0.13/turn               (no ring)
MPRegen 0.17/turn               (no ring)

@: no status effects
A: no striking features
a: no special abilities


You were on level 5 of the Dungeon.
You visited 1 branch of the dungeon, and saw 5 of its levels.

You collected 228 gold pieces.

Inventory:

Hand Weapons
 j - a +2 halberd of venom (weapon)
Armour
 l - a +0 leather armour of positive energy (worn)
 n - a +0 helmet (worn)
Wands
 c - a wand of flame (27)
 s - a wand of iceblast (10)
Scrolls
 a - 2 scrolls of teleportation {unknown}
 b - a scroll of vulnerability {unknown}
 g - a scroll of immolation {unknown}
 h - a scroll of blinking {unknown}
 k - 3 scrolls of identify {unknown}
 o - a scroll of fog {unknown}
 r - 2 scrolls of amnesia {unknown}
 t - a scroll of enchant armour {unknown}
Potions
 d - a potion of flight {unknown}
 e - a potion of berserk rage {unknown}
 f - a potion of degeneration {unknown}
 i - 2 potions of heal wounds {unknown}
 m - 3 potions of haste {unknown}
 p - a potion of curing {unknown}
 q - a potion of brilliance {unknown}


   Skills:
 + Level 1.9 Fighting
 - Level 1.3 Armour
 - Level 3.0 Dodging
 - Level 4.0 Stealth
 * Level 8.3 Spellcasting
 + Level 4.2 Conjurations
 - Level 1.1 Summonings
 - Level 1.1 Translocations
 + Level 1.9 Fire Magic
 - Level 1.0 Air Magic
 - Level 1.0 Poison Magic
 - Level 1.0 Evocations


You had 11 spell levels left.
You knew the following spells:

 Your Spells              Type           Power      Damage    Failure   Level
a - Magic Dart            Conj           100%       1d8       1%          1
b - Mephitic Cloud        Conj/Pois/Air  17%        N/A       14%         3
c - Call Imp              Summ           13%        N/A       11%         2
d - Blink                 Tloc           26%        N/A       11%         2
e - Conjure Flame         Conj/Fire      21%        6-21      10%         3

Your spell library contained the following spells:

 Spells                   Type           Power      Damage    Failure   Level
 Slow                     Hex            32%        N/A       11%         1
 Portal Projectile        Hex/Tloc       22%        N/A       26%         3
 Blade Hands              Tmut           4%         N/A       97%         5
 Excruciating Wounds      Necr           4%         N/A       97%         5


Dungeon Overview and Level Annotations

Branches:
Dungeon (5/15)
 Temple: D:4-7

Altars:
Makhleb
Okawaru
Wu Jian

Shops:
D:1 [!(*


Message History

Casting: Magic Dart (safe; 1% risk of failure)
Confirm with . or Enter, or press ? or * to list all spells.
You miscast Conjure Flame.
You are very lightly contaminated with residual magic.
Nothing appears to happen.
Casting: Conjure Flame (dangerous; 10% risk of failure)
Confirm with . or Enter, or press ? or * to list all spells.
The fire begins to smoulder!
The fire ignites!
Something hits you.
Deactivating autopickup; reactivate with Ctrl-A.
Something hits you. Something hits you. Something hits you but does no damage.
Something hits you!
Your magical contamination has completely faded away.
Casting: Conjure Flame (dangerous; 10% risk of failure)
Confirm with . or Enter, or press ? or * to list all spells.
The spell is quite dangerous to miscast (14% risk of failure)!
Continue anyway?
Aiming: Mephitic Cloud (quite dangerous; 14% risk of failure)
Press: ? - help, Shift-Dir - straight line The ball explodes into a vile cloud!
The stinking cloud engulfs something but does no damage.
You hear a shout!
Something hits you!
* * * LOW HITPOINT WARNING * * *
Unknown command.
You barely miss something. Something hits you.
* * * LOW HITPOINT WARNING * * *
Unknown command.
Casting: Mephitic Cloud (quite dangerous; 14% risk of failure)
Confirm with . or Enter, or press ? or * to list all spells.
The fire begins to smoulder!
The fire ignites!
Casting: Conjure Flame (dangerous; 10% risk of failure)
Confirm with . or Enter, or press ? or * to list all spells.
The fire begins to smoulder!
Something hits you.
* * * LOW HITPOINT WARNING * * *
Something hits you!
You die...

#.......#........#..
.......#.......#...†....#..
.......#.......'........#..
.......#.......#........#..
.......#.......#........#..
.......#.°.....#........#..
.......#.......#........'..
.......#.......#........#..
.......'§§@....#........###
.......#.......#........#..
......$#.......#........#..
.......#.......#........'..
.......#)......#........#..
.......#########........###
####### ##########


There were no monsters in sight!

Vanquished Creatures
  A black bear (D:3)
  2 scorpions
  2 bullfrog zombies (D:4)
  An orc priest (D:4)
  A gnoll shaman (D:4)
  4 scorpion zombies (D:4)
  2 iguanas
  4 hound zombies (D:4)
  Robin (D:4)
  6 gnolls
  6 adders
  2 adder skeletons (D:4)
  4 adder zombies (D:4)
  2 dart slugs
  3 orcs
  15 ball pythons
  6 endoplasms
  3 giant cockroaches
  12 goblins
  13 hobgoblins
  4 jackals
  4 quokkas
  2 bats (D:1)
  3 frilled lizards (D:2)
  6 kobolds
  A quokka zombie (D:4)
  5 rats
115 creatures vanquished.

Vanquished Creatures (collateral kills)
  A gnoll (D:4)
1 creature vanquished.

Vanquished Creatures (others)
  2 withered plants (D:4)
2 creatures vanquished.

Grand Total: 118 creatures vanquished

Notes
Turn   | Place    | Note
-------+----------+-------------------------------------------
     0 | D:1      | pokeman the Deep Elf Hedge Wizard began the quest for the
                  | Orb.
     0 | D:1      | Reached XP level 1. HP: 10/10 MP: 7/7
   121 | D:1      | Found Hoampu's Distillery.
   141 | D:1      | Found a faded altar of an unknown god.
   369 | D:1      | Reached XP level 2. HP: 16/16 MP: 7/9
   627 | D:1      | Found Devyucw's Antique Armour Shop.
   720 | D:1      | Found Dusketui's Antique Weapon Boutique.
   752 | D:1      | Found Nughir's Assorted Antiques.
   898 | D:1      | Reached skill level 5 in Spellcasting
  1414 | D:2      | Reached XP level 3. HP: 20/20 MP: 7/11
  1418 | D:2      | Learned a level 3 spell: Mephitic Cloud
  1421 | D:2      | Learned a level 2 spell: Call Imp
  1424 | D:2      | Learned a level 2 spell: Blink
  1428 | D:2      | Learned a level 3 spell: Conjure Flame
  1573 | D:2      | Reached skill level 1 in Fighting
  1593 | D:1      | Reached skill level 1 in Armour
  1853 | D:2      | Reached XP level 4. HP: 10/25 MP: 2/13
  3563 | D:3      | Noticed a black bear
  3574 | D:3      | Killed a black bear
  3575 | D:3      | Reached skill level 6 in Spellcasting
  3575 | D:3      | Reached skill level 1 in Fire Magic
  3575 | D:3      | Reached XP level 5. HP: 29/29 MP: 11/15
  4191 | D:4      | Reached XP level 6. HP: 33/34 MP: 14/17
  4300 | D:4      | Found an ornate altar of the Wu Jian Council.
  4423 | D:4      | Reached skill level 1 in Air Magic
  4423 | D:4      | Reached skill level 1 in Poison Magic
  4490 | D:4      | Found a burning altar of Makhleb.
  4503 | D:4      | Found an iron altar of Okawaru.
  4768 | D:4      | Reached skill level 7 in Spellcasting
  4996 | D:4      | Reached skill level 1 in Evocations
  5227 | D:4      | Reached XP level 7. HP: 28/38 MP: 13/20
  5591 | D:4      | Noticed Robin
  5617 | D:4      | Reached skill level 8 in Spellcasting
  5626 | D:4      | Killed Robin
  6063 | D:5      | Entered Level 5 of the Dungeon
  6259 | D:5      | Slain by an unseen horror

Illustrated notes

Levels and vault maps discovered:
D:1:      lightli_arrival_windingriver, layout_loops_ring, serial_shops,
          nicolae_shop_behind_doors, nicolae_shop_waterfront, shop_fountains,
          shop, shapermc_ecumenical_altar_acropolis
D:2:      layout_basic, minivault_19, st_stairs_6
D:3:      layout_loops_cross, nicolae_underground_beach
D:4:      layout_loops_corners, mainiacjoe_overflow_large_starburst,
          serial_undead, serial_undead_b, serial_undead_a, serial_undead_a,
          serial_undead_c, serial_undead_f, serial_undead_d, serial_undead_f,
          dk_noncrumbling_2, kennysheep_flooded_box, uniq_robin
D:5:      layout_gridville, marbit_many_paths

Skill      XL: |  1  2  3  4  5  6  7 |
---------------+----------------------+-----
Spellcasting   | 5 6 7 8 |  8.3
Fighting       | 1 |  1.9
Conjurations   | 2 3 4 |  4.2
Armour         | 1 |  1.3
Dodging        | 3 |  3.0
Stealth        | 3 4 |  4.0
Fire Magic     | 1 |  1.9
Air Magic      | 1 |  1.0
Poison Magic   | 1 |  1.0
Evocations     | 1 |  1.0
Summonings     | |  1.1
Translocations | |  1.1

Action                   |  1- 3 |  4- 6 |  7- 9 || total
-------------------------+-------+-------+-------++-------
Melee: Dagger            |    10 |       |       ||    10
       Halberd           |       |    38 |    36 ||    74
 Cast: Magic Dart        |    84 |   114 |    26 ||   224
       Mephitic Cloud    |     4 |     4 |     6 ||    14
       Conjure Flame     |     2 |     8 |     6 ||    16
       Call Imp          |     1 |       |       ||     1
       Blink             |       |       |     1 ||     1
  Use: Potion            |       |       |     1 ||     1
 Stab: Confused          |     2 |     3 |     2 ||     7
Armor: Robe              |     2 |     3 |       ||     5
       Leather armour    |       |    12 |    23 ||    35
Dodge: Dodged            |    11 |    30 |    37 ||    78

Table legend: (Time is in decaauts)
 A = Elapsed time spent in this place.
 B = Non-inter-level travel time spent in this place.
 C = Inter-level travel time spent in this place.
 D = Time resting spent in this place.
 E = Time spent auto-exploring this place.
 F = Levels seen in this place.
 G = Mean time per level.
                   A        B        C        D        E       F      G
               +--------+--------+--------+--------+--------+-----+--------+
         Total |   6304 |   6201 |    103 |    324 |   5079 |   5 | 1260.8 |
       Dungeon |   6304 |   6201 |    103 |    324 |   5079 |   5 | 1260.8 |
               +--------+--------+--------+--------+--------+-----+--------+

Top non-repeatable levels by time:
     D:4: 1994 daAuts
     D:1: 1742 daAuts
     D:2: 1453 daAuts
     D:3: 917 daAuts
     D:5: 196 daAuts
